 Dungeon Crawl Stone Soup version 0.32-a0-576-g706899e69d (webtiles) character file.

Game seed: 7059798933748155012

16185 jasper the Severer (level 12, -22/97 HPs)
             Began as a Coglin Berserker on Mar 1, 2024.
             Was a High Priest of Trog.
             Annihilated by an anaconda simulacrum (25 damage)
             ... in an ice cave.
             The game lasted 00:15:58 (10864 turns).

jasper the Severer (Coglin Berserker)              Turns: 10864, Time: 00:15:58

Health: -22/97     AC: 22    Str: 28    XL:     12   Next: 34%
Magic:  4/4        EV:  0    Int:  7    God:    Trog [*****.]
Gold:   894        SH:  0    Dex: 12    Spells: 11/11 levels left

rFire   . . .        O - +2 hand axe (antimagic) {Olga}
rCold   . . .        A - +0 war axe {Jasleen}
rNeg    . . .        u - +7 chain mail "Git Agizxul" {Str+6 Dex-2}
rPois   .            k - +2 hat
rElec   .            E - +0 cloak
rCorr   .            p - +0 pair of gloves
SInv    .            C - +0 pair of boots
Will    .....        (amulet unavailable) Stlth
                     (ring unavailable)
HPRegen 0.36/turn    (ring unavailable)
MPRegen 0.09/turn    (no gizmo)

%: no passive effects
@: constricted, revving
A: off-hand wielding, slow wielding, warmup strikes, no jewellery
a: Invent Gizmo, Renounce Religion, Berserk, Trog's Hand, Brothers in Arms


You were in an ice cave.
You worshipped Trog.
Trog was extremely pleased with you.
You visited 2 branches of the dungeon, and saw 12 of its levels.
You also visited: Ice Cave.

You collected 894 gold pieces.

Inventory:

Hand Weapons
 a - a +1 hand axe {Paramjit}
 c - a +0 dagger {Agustín}
 i - a +0 whip {Narong}
 j - a +0 flail {Udom}
 A - a +0 war axe (offhand) {Jasleen}
 D - a +3 vampiric trident
 K - the +0 spear "Edghex" {freeze, rElec Will+ Str-4 Dex+3}
   (You found it on level 9 of the Dungeon)

   Str-4:     It affects your strength (-4).
   Dex+3:     It affects your dexterity (+3).
   rElec:     It insulates you from electricity.
   Will+:     It increases your willpower.
 L - a +1 morningstar
 O - a +2 antimagic hand axe (weapon) {Olga}
Missiles
 m - 77 stones (quivered)
 s - 19 poisoned darts
 w - 3 boomerangs
 J - a curare-tipped dart
Armour
 b - a +0 animal skin
 d - a +0 helmet
 e - a +1 ring mail of fire resistance
 g - a +0 chain mail
 k - a +2 hat (worn)
 p - a +0 pair of gloves (worn)
 u - the +7 chain mail "Git Agizxul" (worn) {Str+6 Dex-2}
   (You found it on level 4 of the Dungeon)

   Str+6:     It affects your strength (+6).
   Dex-2:     It affects your dexterity (-2).
 C - a +0 pair of boots (worn)
 E - a +0 cloak (worn)
 H - a +0 ring mail of cold resistance
Wands
 y - a wand of paralysis (3)
 B - a wand of polymorph (11)
Scrolls
 n - a scroll of amnesia
 v - a scroll of poison
 x - a scroll of vulnerability
 G - a scroll of immolation
 I - 4 scrolls of teleportation
 M - 2 scrolls of enchant weapon
 N - a scroll of blinking
Potions
 f - 3 potions of magic
 h - a potion of haste
 l - a potion of heal wounds
 o - 2 potions of invisibility
 q - a potion of resistance
 r - 6 potions of curing
 t - 2 potions of lignification
 z - a potion of mutation
 F - 2 potions of attraction {unknown}


   Skills:
 * Level 9.8 Fighting
 - Level 16.0 Axes
 + Level 4.2 Armour
 + Level 4.2 Dodging
 + Level 5.5 Evocations


You had 11 spell levels left.
You didn't know any spells.
Your spell library was empty.

Dungeon Overview and Level Annotations

Branches:
Dungeon (11/15)            Temple (0/1) D:4            Lair (1/5) D:9
    Orc (0/2) D:9           IceCv (1/1)

Altars:
Ashenzari
Elyvilon
Fedhas
Hepliaklqana
Kikubaaqudgha
Okawaru
Sif Muna
Wu Jian
Xom
Yredelemnul
The Shining One

Annotations:
D:9 3 runed translucent doors, mitch45678's ghost, novice CoGl
D:10 3 runed translucent doors


Innate Abilities, Weirdness & Mutations

You can wield a second weapon in your off-hand.
It takes a long time for you to wield or remove held weapons.
Your first few attacks do less damage.
You cannot equip rings or amulets.


Message History

You open the door.
An anaconda simulacrum comes into view.
You barely miss the anaconda simulacrum with your +0 war axe.
You hit the anaconda simulacrum with your +2 antimagic hand axe.
The anaconda simulacrum grabs you. The anaconda simulacrum bites you.
The anaconda simulacrum freezes you!! The anaconda simulacrum constricts you.
You take 29 damage, and have 68/97 hp.
MASSIVE DAMAGE!!
You barely miss the anaconda simulacrum with your +2 antimagic hand axe.
The anaconda simulacrum is lightly damaged.
You hit the anaconda simulacrum with your +0 war axe.
The anaconda simulacrum bites you. The anaconda simulacrum freezes you!!
The anaconda simulacrum constricts you.
You take 24 damage, and have 44/97 hp.
MASSIVE DAMAGE!!
You barely miss the anaconda simulacrum with your +2 antimagic hand axe.
The anaconda simulacrum is moderately damaged.
You slash the anaconda simulacrum with your +0 war axe!
The anaconda simulacrum bites you but does no damage.
The anaconda simulacrum constricts you.
You take 2 damage, and have 42/97 hp.
You closely miss the anaconda simulacrum with your +2 antimagic hand axe.
The anaconda simulacrum is severely damaged.
You closely miss the anaconda simulacrum with your +0 war axe.
The anaconda simulacrum bites you. The anaconda simulacrum freezes you!!
* * * LOW HITPOINT WARNING * * *
The anaconda simulacrum constricts you.
You take 30 damage, and have 12/97 hp.
MASSIVE DAMAGE!!
You hit the anaconda simulacrum but do no damage.
The anaconda simulacrum is severely damaged.
You barely miss the anaconda simulacrum with your +0 war axe.
The anaconda simulacrum bites you but does no damage.
The anaconda simulacrum constricts you.
* * * LOW HITPOINT WARNING * * *
You take 3 damage, and have 9/97 hp.
You closely miss the anaconda simulacrum with your +0 war axe.
The anaconda simulacrum is severely damaged.
You closely miss the anaconda simulacrum with your +2 antimagic hand axe.
The anaconda simulacrum bites you.
* * * LOW HITPOINT WARNING * * *
The anaconda simulacrum freezes you!!
You die...

#. ####........
#+#.#+#+# #⌠.#........
........+ +[4#........
ß.ß.ß.ß.########........
.............#..........
.............'.....⌠....
.............#..........
ß.ß.ß.ß.########........
.......@'.# #........
#+#.#+#Z### .#........ #
#.# ###........ ###
......... ##.....##
######


You could see an anaconda simulacrum.

Vanquished Creatures
  3 two-headed ogres
  Nergalle (D:10)
  Lodul (D:10)
  A manticore (D:8)
  The ghost of GreenGuy14 the Covert, a novice OpSh of Wu Jian (D:6)
  2 ice statues (IceCv)
  Jeremiah (D:7)
  An unseen horror (D:10)
  3 rime drakes (D:11)
  An anaconda simulacrum (IceCv)
  4 ice devils (IceCv)
  A troll (D:8)
  A hornet (D:9)
  Grinder (D:5)
  2 shadows
  A steam dragon (D:8)
  A wyvern (D:9)
  17 yaks
  A basilisk (D:9)
  Menkaure (D:5)
  An acid dragon (D:9)
  2 water moccasins
  6 orc warriors
  4 black bears
  A sky beast (D:8)
  3 ice beasts
  3 wolves (D:11)
  4 centaurs
  7 ogres
  A phantom (D:4)
  A weeping skull (D:9)
  2 bullfrogs (D:6)
  2 kobold brigands
  A gnoll sergeant (D:5)
  5 scorpions
  14 wights
  3 killer bees (D:10)
  A crimson imp (D:6)
  2 centaur zombies (D:9)
  2 hounds (D:5)
  4 orc priests
  2 jellies
  A human zombie (D:9)
  7 iguanas
  10 orc wizards
  Natasha (thrice) (D:2)
  2 hell rats (D:9)
  A spriggan simulacrum (IceCv)
  2 mummies (D:9)
  2 howler monkey zombies (D:9)
  14 gnolls
  A river rat (D:9)
  6 adders
  3 white imps
  2 ribbon worms (D:2)
  2 dart slugs
  34 orcs
  10 ball pythons
  9 endoplasms
  A giant cockroach (D:3)
  2 goblins
  6 hobgoblins
  11 jackals
  3 quokkas
  5 bats
  2 frilled lizards
  20 kobolds
  7 rats
282 creatures vanquished.

Notes
Turn   | Place    | Note
-------+----------+-------------------------------------------
     0 | D:1      | jasper the Coglin Berserker began the quest for the Orb.
     0 | D:1      | Reached XP level 1. HP: 18/18 MP: 1/1
   107 | D:1      | Reached XP level 2. HP: 24/24 MP: 2/2
   308 | D:1      | Reached skill level 4 in Axes
   354 | D:1      | Reached XP level 3. HP: 29/29 MP: 3/3
   744 | D:2      | Reached ** piety under Trog
   909 | D:2      | Reached XP level 4. HP: 25/34 MP: 4/4
   911 | D:2      | Reached skill level 5 in Axes
  1082 | D:2      | Noticed Natasha
  1090 | D:2      | Killed Natasha
  1099 | D:2      | Reached XP level 5. HP: 41/41 MP: 5/5
  1435 | D:2      | Noticed Natasha
  1445 | D:2      | Killed Natasha
  1471 | D:2      | Noticed Natasha
  1479 | D:2      | Killed Natasha
  1480 | D:2      | Reached skill level 6 in Axes
  2057 | D:3      | Found an iron altar of Okawaru.
  2456 | D:4      | Reached XP level 6. HP: 34/47 MP: 6/6
  2602 | D:4      | Reached skill level 7 in Axes
  2701 | D:4      | Identified the +7 chain mail "Git Agizxul" {Str+6 Dex-2}
  2779 | D:4      | Found an ancient bone altar of Kikubaaqudgha.
  2828 | D:4      | Reached *** piety under Trog
  2849 | D:4      | Found a staircase to the Ecumenical Temple.
  2914 | D:4      | Reached XP level 7. HP: 52/52 MP: 7/7
  3153 | D:5      | Entered Level 5 of the Dungeon
  3153 | D:5      | Noticed Grinder
  3275 | D:5      | Paralysed by Grinder for 2 turns
  3280 | D:5      | Killed Grinder
  3281 | D:5      | Reached skill level 8 in Axes
  3319 | D:5      | Reached skill level 9 in Axes
  3329 | D:5      | Reached XP level 8. HP: 43/58 MP: 8/8
  3338 | D:5      | Reached skill level 10 in Axes
  3449 | D:5      | Noticed Menkaure
  3468 | D:5      | Killed Menkaure
  3626 | D:5      | Reached skill level 11 in Axes
  3705 | D:5      | Identified the +1 leather armour "Huke Xierch" {rN+}
  3707 | D:5      | Found a blossoming altar of Fedhas.
  3744 | D:5      | Found a shimmering altar of Xom.
  4116 | D:6      | Reached XP level 9. HP: 54/63 MP: 9/9
  4353 | D:6      | Found a runed translucent door.
  4357 | D:6      | Noticed GreenGuy14's ghost (novice OpSh)
  4446 | D:6      | Reached skill level 12 in Axes
  5177 | D:6      | Killed GreenGuy14's ghost
  5310 | D:7      | Reached **** piety under Trog
  5550 | D:7      | Reached skill level 13 in Axes
  5711 | D:7      | Noticed Jeremiah
  5727 | D:7      | Killed Jeremiah
  5728 | D:7      | Reached skill level 5 in Fighting
  5728 | D:7      | Reached XP level 10. HP: 24/74 MP: 10/10
  6537 | D:8      | Found a glowing golden altar of the Shining One.
  6557 | D:8      | Noticed a manticore
  6569 | D:8      | Killed a manticore
  6644 | D:8      | Found a broken altar of Ashenzari.
  6746 | D:8      | Found a white marble altar of Elyvilon.
  6753 | D:8      | Found a shimmering blue altar of Sif Muna.
  6825 | D:8      | Noticed a two-headed ogre
  6836 | D:8      | Killed a two-headed ogre
  6837 | D:8      | Reached skill level 14 in Axes
  7538 | D:9      | Found a staircase to the Lair.
  7713 | D:9      | Reached ***** piety under Trog
  7746 | D:9      | Identified the +0 spear "Edghex" {freeze, rElec Will+ Str-4
                  | Dex+3}
  7776 | D:9      | Noticed a two-headed ogre
  7784 | D:9      | Killed a two-headed ogre
  7785 | D:9      | Reached skill level 15 in Axes
  7785 | D:9      | Reached XP level 11. HP: 84/84 MP: 11/11
  7969 | D:9      | Found a basalt altar of Yredelemnul.
  8143 | D:9      | Noticed a centaur warrior
  8143 | D:9      | Noticed mitch45678's ghost (novice CoGl)
  8148 | D:9      | Found a runed translucent gate.
  8148 | D:9      | Found a runed translucent gate.
  8148 | D:9      | Found a runed translucent gate.
  8643 | D:9      | Found a staircase to the Orcish Mines.
  8787 | Lair:1   | Entered Level 1 of the Lair of Beasts
  8801 | D:10     | Entered Level 10 of the Dungeon
  8844 | D:10     | Found a runed translucent gate.
  8845 | D:10     | Found a runed translucent gate.
  8845 | D:10     | Noticed a cyan ugly thing
  8847 | D:10     | Found a runed translucent gate.
  8847 | D:10     | Noticed a green ugly thing
  8847 | D:10     | Noticed a brown ugly thing
  8860 | D:10     | Noticed Lodul
  8885 | D:10     | Reached skill level 16 in Axes
  8921 | D:10     | Killed Lodul
  8922 | D:10     | Reached skill level 1 in Evocations
  9090 | D:10     | Found a hazy altar of Hepliaklqana.
  9293 | D:10     | Identified the +8 rapier "Defedghosch" {protect, +Blink
                  | MP+9}
  9353 | D:10     | Noticed a two-headed ogre
  9361 | D:10     | Killed a two-headed ogre
  9646 | D:10     | Noticed Nergalle
  9662 | D:10     | Killed Nergalle
  9769 | D:10     | Found an ornate altar of the Wu Jian Council.
 10078 | D:11     | Reached XP level 12. HP: 95/95 MP: 12/12
 10111 | D:11     | Received a gift from Trog
 10135 | D:11     | Found a frozen archway.
 10292 | IceCv    | Entered an ice cave
 10324 | IceCv    | Reached skill level 5 in Evocations
 10864 | IceCv    | HP: 3/97 [anaconda simulacrum (6)]
 10864 | IceCv    | Annihilated by an anaconda simulacrum

Illustrated notes

Levels and vault maps discovered:
D:1:      minmay_arrival_five_plusses, layout_loops_ring, solitary_fountain,
          wad_floor_pattern_untrapped
D:2:      layout_loops_corners, uniq_natasha
D:3:      layout_basic, okawaru_gym_becter
D:4:      layout_basic, lemuel_crystal_altar,
          minmay_temple_entry_statues_pillars
D:5:      layout_cave_pools, xom_teletrap_fun, fedhas_ov_isle_minmay,
          uniq_grinder, uniq_menkaure
D:6:      layout_loops_cross, ebering_ghost_sewer_d, minmay_fire_ice_demons
D:7:      layout_cave_pods, uniq_jeremiah
D:8:      layout_rooms, cheibrodos_ashenzari_chains, lemuel_round_altar,
          amethyst_overflow_temple_binary, dreamdust_wishing_well
D:9:      layout_rooms, lemuel_mausoleum_altar_yredelemnul, dpeg_lair_monsters,
          david_orc_4, gammafunk_ghost_split
D:10:     layout_loops_ring, nicolae_wu_jian_immortal_techniques,
          mainiacjoe_overflow_cross_hatched,
          ploomutoo_gammafunk_ghost_potion_laboratory, nicolae_letterblocks
          [nicolae_letter_subblock, nicolae_letter_subblock,
          nicolae_letter_subblock, nicolae_letter_subblock,
          nicolae_letter_subblock, nicolae_letter_subblock,
          nicolae_letter_subblock, nicolae_letter_subblock,
          nicolae_letter_subblock, nicolae_letter_subblock,
          nicolae_letter_subblock, nicolae_letter_subblock,
          nicolae_letter_subblock, nicolae_letter_subblock,
          nicolae_letter_subblock, nicolae_letter_subblock,
          nicolae_letter_subblock, nicolae_letter_subblock,
          nicolae_letter_subblock, nicolae_letter_subblock,
          nicolae_letter_subblock, nicolae_letter_subblock,
          nicolae_letter_subblock, nicolae_letter_subblock,
          nicolae_letter_subblock], uniq_nergalle, uniq_lodul
D:11:     layout_basic, portal_ice_cave_entry_animals_and_master
Lair:1:   layout_chaotic_city, serial_bayou_shore_a, uniq_harold
IceCv:    ice_cave_tombish

Skill      XL: |  1  2  3  4  5  6  7  8  9 10 11 12 |
---------------+-------------------------------------+-----
Axes           | 4 5 6 7 9 11 13 15 16 | 16.0
Fighting       | 5 7 9 |  9.8
Armour         | 3 4 |  4.2
Dodging        | 3 4 |  4.2
Evocations     | 4 5 |  5.5

Action                     |  1- 3 |  4- 6 |  7- 9 | 10-12 || total
---------------------------+-------+-------+-------+-------++-------
  Melee: Hand axe          |    43 |    93 |   189 |   388 ||   713
         Whip              |     6 |       |       |       ||     6
         Dagger            |     1 |       |       |       ||     1
         Flail             |    39 |    94 |   126 |       ||   259
         War axe           |       |       |    63 |   415 ||   478
  Throw: Stone             |     2 |     5 |       |     1 ||     8
 Invoke: Berserk           |     2 |       |     2 |     5 ||     9
         Trog's Hand       |       |     2 |     2 |     6 ||    10
  Evoke: Wand              |       |       |       |     7 ||     7
    Use: Scroll            |       |     7 |     9 |     3 ||    19
         Potion            |       |       |     2 |       ||     2
   Stab: Invisible         |       |       |     7 |       ||     7
         Paralysed         |       |       |       |     5 ||     5
 Armour: Chain mail        |    38 |    90 |   190 |   262 ||   580
         Animal skin       |     1 |       |       |       ||     1
  Dodge: Dodged            |    25 |    31 |   121 |   133 ||   310

Table legend: (Time is in decaauts)
 A = Elapsed time spent in this place.
 B = Non-inter-level travel time spent in this place.
 C = Inter-level travel time spent in this place.
 D = Time resting spent in this place.
 E = Time spent auto-exploring this place.
 F = Levels seen in this place.
 G = Mean time per level.
                   A        B        C        D        E       F      G
               +--------+--------+--------+--------+--------+-----+--------+
         Total |  10806 |  10553 |    253 |   1759 |   6900 |  13 |  831.2 |
       Dungeon |  10206 |   9953 |    253 |   1266 |   6872 |  11 |  927.8 |
          Lair |      1 |      1 |      0 |      0 |      0 |   1 |    1.0 |
      Ice Cave |    598 |    598 |      0 |    493 |     28 |   1 |  598.0 |
               +--------+--------+--------+--------+--------+-----+--------+

Top non-repeatable levels by time:
     D:9: 1298 daAuts
     D:7: 1236 daAuts
     D:6: 1202 daAuts
     D:2: 1120 daAuts
    D:10: 1022 daAuts
     D:8: 920 daAuts
     D:4: 824 daAuts
     D:5: 812 daAuts
     D:1: 755 daAuts
     D:3: 606 daAuts
   IceCv: 598 daAuts
    D:11: 406 daAuts
  Lair:1: 1 daAuts
